 Dungeon Crawl Stone Soup version 0.19-a0-1851-g3228ea0 (webtiles) character file.

898 Charly the Covert (level 7, -3/32 HPs)
             Began as a Spriggan Enchanter on Oct 10, 2016.
             Was an Initiate of Dithmenos.
             Slain by a hill giant
             ... wielding a +0 giant club
              (14 damage)
             ... on level 10 of the Dungeon.
             The game lasted 00:20:28 (1318 turns).

Charly the Covert (Spriggan Enchanter)              Turns: 1318, Time: 00:20:29

Health: -3/32      AC:  4    Str:  8    XL:     7   Next: 79%
Magic:  2/14       EV: 18    Int: 19    God:    Dithmenos [......]
Gold:   80         SH:  0    Dex: 13    Spells: 3 memorised, 6 levels left

rFire  . . .     SeeInvis +     a - +1 dagger
rCold  . . .     Gourm    .     p - +2 robe "Heasos" {Str+4}
rNeg   . . .     Faith    .     (shield restricted)
rPois  .         Spirit   .     (helmet restricted)
rElec  .         Dismiss  .     (no cloak)
rCorr  .         Reflect  .     (gloves unavailable)
MR     +....     Harm     .     (boots unavailable)
Stlth  ++++......               (no amulet)
                                (no ring)
                                u - -3 ring of dexterity (curse)

@: very quick
A: unfitting armour, see invisible, herbivore 3, speed 3, slow metabolism 2
a: Renounce Religion


You were on level 10 of the Dungeon.
You worshipped Dithmenos.
Dithmenos was noncommittal.
You were very full.

You visited 2 branches of the dungeon, and saw 13 of its levels.

You collected 80 gold pieces.

Inventory:

Hand Weapons
 a - a +1 dagger (weapon)
Armour
 b - a +1 robe
 p - the +2 robe "Heasos" (worn) {Str+4}
   (You found it on level 8 of the Dungeon)

   It affects your strength (+4).
Magical Staves
 m - an uncursed staff of poison {unknown}
Jewellery
 u - a cursed -3 ring of dexterity (left hand)
Wands
 l - a wand of polymorph (12/24)
 r - a wand of confusion (12/48)
Scrolls
 e - a scroll of teleportation
 h - 2 scrolls of blinking
 j - a scroll of fog
 o - 2 scrolls of identify
Potions
 g - a potion of magic {unknown}
 k - 3 potions of degeneration
 q - a potion of resistance {unknown}
 s - a potion of might {unknown}
 t - a potion of agility {unknown}
Books
 c - a book of Maledictions

   Spells                             Type                      Level
   a - Corona                         Hexes                        1
   b - Ensorcelled Hibernation        Hexes/Ice                    2
   c - Confuse                        Hexes                        3
   d - Tukima's Dance                 Hexes                        3
   e - Dazzling Spray                 Conjuration/Hexes            3
Comestibles
 d - 4 bread rations
 n - a fruit


   Skills:
 - Level 2.0 Short Blades
 - Level 3.0 Dodging
 * Level 10.0 Stealth
 - Level 4.0 Spellcasting
 + Level 1.1 Conjurations
 * Level 7.4 Hexes
 - Level 1.0 Ice Magic


You had 6 spell levels left.
You knew the following spells:

 Your Spells              Type           Power        Failure   Level  Hunger
c - Confuse               Hex            ####....     1%          3    ###....
h - Ensorcelled Hibernat  Hex/Ice        ###...       4%          2    ##.....
s - Dazzling Spray        Conj/Hex       ###...       10%         3    ###....


Dungeon Overview and Level Annotations

Branches:
Dungeon (12/15)            Temple (1/1) D:5            Lair (0/6) D:10
    Orc (0/2) D:11

Altars:
Ashenzari
Dithmenos
Fedhas
Hepliaklqana
Kikubaaqudgha
Makhleb
Qazlal
Sif Muna

Shops:
D:10 *

Annotations:
D:8 exclusion: upstairs


Innate Abilities, Weirdness & Mutations

You are very small and have problems with some larger weapons.
You are too small for most types of armour.
You have supernaturally acute eyesight. (SInv)
You are a herbivore.
You cover ground extremely quickly.
You need consume almost no food.


Message History

The hill giant is moderately wounded.
You hit the hill giant.
The hill giant is moderately wounded.
The hill giant hits you with a giant club!!
Ouch! That really hurt!
* * * LOW HITPOINT WARNING * * *
You catch the helpless hill giant completely off-guard!
You impale the hill giant!!
The hill giant is severely wounded.
You hit the hill giant.
The hill giant is severely wounded.
You hit the hill giant but do no damage.
The hill giant is severely wounded.
You hit the hill giant but do no damage.
The hill giant is severely wounded.
You hit the hill giant.
The hill giant is severely wounded.
The hill giant seems less confused.
The hill giant hits you with a giant club!
You die...

....<...#######..................
......†..........................
..............###+#+#####..#.)###
..............#...... #..##.# #
....#####.....#....#######....# #
+#..# #.....#...#.......#...# #
#..# +.....#.....#...#....## #
#..# #.....#....##.PP##...# #..#
+.....#.@#..PPPPP..#.#
#.<#####.....#C.#...P>PP..#.####
#........(...#..#..PPPPP..#.....
##.......∩...#....##PPP##...##
#...........#.....#...#....#
#.........T.##..#.......#..#
#...##+####......#######...#
#...# #................# #...#
#.!..............#


You could see a hill giant.

Vanquished Creatures
  A troll (D:11)
  A two-headed ogre (D:9)
  A wyvern (D:11)
  2 bullfrogs
  A scorpion (D:10)
  A centaur zombie (D:10)
  A jelly (D:11)
  2 hounds
  A worker ant (D:6)
  A shadow imp (D:5)
  2 orcs
  A bat (D:1)
  3 jackals (D:6)
  A quokka (D:5)
  A ball python (D:1)
  A goblin (D:1)
  A rat (D:1)
22 creatures vanquished.

Notes
Turn   | Place    | Note
-------+----------+-------------------------------------------
     0 | D:1      | Charly the Spriggan Enchanter began the quest for the Orb.
     0 | D:1      | Reached XP level 1. HP: 9/9 MP: 5/5
   197 | D:5      | Entered Level 5 of the Dungeon
   205 | D:5      | Found a staircase to the Ecumenical Temple.
   215 | Temple   | Entered the Ecumenical Temple
   234 | Temple   | Became a worshipper of Dithmenos the Shadowed
   278 | D:5      | Noticed a worker ant
   295 | D:5      | Found a stormy altar of Qazlal.
   329 | D:6      | Noticed a worker ant
   351 | D:6      | Killed a worker ant
   351 | D:6      | Reached skill level 6 in Stealth
   351 | D:6      | Reached XP level 2. HP: 8/13 MP: 2/6
   351 | D:6      | Reached XP level 3. HP: 10/16 MP: 2/8
   373 | D:6      | Learned a level 2 spell: Ensorcelled Hibernation
   408 | D:5      | Learned a level 3 spell: Confuse
   423 | D:6      | Noticed an ogre
   448 | D:7      | Noticed a hippogriff
   575 | D:6      | Noticed an ogre
   576 | D:6      | Found a shattered altar of Ashenzari.
   576 | D:6      | Noticed an ice beast
   662 | D:7      | Noticed a killer bee
   663 | D:7      | Noticed a killer bee
   666 | D:7      | Noticed a killer bee
   669 | D:8      | Reached XP level 4. HP: 16/21 MP: 2/9
   680 | D:8      | Noticed a bullfrog
   743 | D:8      | Got an ominously black robe
   754 | D:8      | Identified the +2 robe "Heasos" {Str+4} (You found it on level 8 of the Dungeon)
   790 | D:8      | Killed a bullfrog
   790 | D:8      | Reached skill level 7 in Stealth
   790 | D:8      | Reached skill level 5 in Hexes
   790 | D:8      | Reached skill level 1 in Ice Magic
   790 | D:8      | Reached XP level 5. HP: 24/24 MP: 4/10
   797 | D:9      | Noticed a two-headed ogre
   837 | D:9      | Killed a two-headed ogre
   837 | D:9      | Reached skill level 8 in Stealth
   837 | D:9      | Reached XP level 6. HP: 28/28 MP: 0/11
   843 | D:9      | Learned a level 3 spell: Dazzling Spray
   870 | D:10     | Entered Level 10 of the Dungeon
   880 | D:10     | Found Bauw's Assorted Antiques.
   900 | D:10     | Noticed a troll
   965 | D:10     | Noticed an orc warrior
   972 | D:11     | Found a staircase to the Orcish Mines.
   985 | D:11     | Noticed a troll
   994 | D:11     | Killed a troll
   994 | D:11     | Reached skill level 9 in Stealth
   994 | D:11     | Reached XP level 7. HP: 18/32 MP: 1/14
  1030 | D:11     | Noticed a white ugly thing
  1068 | D:11     | Noticed a hornet
  1132 | D:11     | Noticed a red ugly thing
  1133 | D:11     | Noticed a cyan ugly thing
  1139 | D:11     | Noticed a wyvern
  1147 | D:11     | Killed a wyvern
  1147 | D:11     | Reached skill level 10 in Stealth
  1147 | D:11     | Reached skill level 1 in Conjurations
  1271 | D:10     | Found a staircase to the Lair.
  1283 | D:10     | Noticed a hill giant
  1318 | D:10     | Slain by a hill giant

Vault maps used:
D:1:      saegor_arrival_simple_c
D:2:      yredelemnul_forgotten_temple_becter, lemuel_crystal_altar,
          nicolae_overflow_hidden_temple, first_bread
D:3:      hex_medium
D:4:      nicolae_ossuary_entry_ruins, uniq_natasha, uniq_blork_the_orc
D:5:      nicolae_qazlal_general_emergency, portal_sewer_entry_e
D:6:      evilmike_ruin_ashenzari, minivault_24
D:9:      grunt_temple_overflow_open, hex_tiny
D:10:     dpeg_oklobed_lair, serial_shops, shop
D:11:     orc_0_dummy, grunt_livestock, minivault_16
Temple:   nicolae_temple_hex_pool

Skill      XL: |  1  2  3  4  5  6  7 |
---------------+----------------------+-----
Stealth        | 6 7 8 9 10 | 10.0
Hexes          | 4 5 6 7 |  7.4
Ice Magic      | 1 |  1.0
Short Blades   | 2 |  2.0
Spellcasting   | 3 4 |  4.0
Conjurations   | 1 |  1.1
Dodging        | |  3.0

Action                   |  1- 3 |  4- 6 |  7- 9 || total
-------------------------+-------+-------+-------++-------
Melee: Dagger            |    45 |     7 |    27 ||    79
 Cast: Corona            |     6 |       |       ||     6
       Ensorcelled Hiber |     5 |     8 |     5 ||    18
       Confuse           |       |     3 |     6 ||     9
Evoke: Wand              |       |       |     1 ||     1
  Use: Scroll            |       |     3 |     4 ||     7
 Stab: Sleeping          |     8 |     6 |     5 ||    19
       Distracted        |     1 |       |       ||     1
       Confused          |       |     1 |     4 ||     5
  Eat: Royal jelly       |     2 |       |       ||     2
       Fruit             |     2 |       |       ||     2
Armor: Robe              |     7 |     2 |       ||     9
Dodge: Dodged            |    52 |    11 |     7 ||    70
